 Dungeon Sprint DCSS version 0.27.1-3-gb3d3a73c9e (webtiles) character file.

Game seed: 14359581086191046989

618 JuniperTheExplorer the Spear-Bearer (level 7, -2/64 HPs)
             Began as a Merfolk Fighter on Oct 27, 2021.
             Slain by a centaur warrior (9 damage)
             ... in the Dungeon (Sprint I: "Red Sonja").
             The game lasted 00:05:38 (520 turns).

JuniperTheExplorer the Spear-Bearer (MfFi)           Turns: 520, Time: 00:05:38

Health: -2/64      AC:  7    Str: 18    XL:     7   Next: 45%
Magic:  7/7        EV:  9    Int:  8    God:
Gold:   160        SH: 12    Dex: 13    Spells: 6/6 levels left

rFire    . . .     SeeInvis .   a - +0 trident
rCold    . . .     Faith    .   m - +1 kite shield {rN+}
rNeg     + . .     Spirit   .   b - +0 scale mail
rPois    .         Reflect  .   (no helmet)
rElec    .         Harm     .   (no cloak)
rCorr    .         Rampage  .   (no gloves)
Will     .....     NoTele   +   (no boots)
Stlth    ..........             (no amulet)
HPRegen  0.20/turn              (no ring)
MPRegen  0.10/turn              (no ring)

@: no status effects
A: (nimble swimmer 2), mertail
a: no special abilities


You were in the Dungeon.
You visited 1 branch You collected 308 gold pieces.
You spent 148 gold pieces at shops.

Inventory:

Hand Weapons
 a - a +0 trident (weapon)
Armour
 b - a +0 scale mail (worn)
 m - a +1 kite shield of positive energy (worn)
Wands
 d - a wand of flame (17)
 k - a wand of polymorph (6) (quivered)
Potions
 e - a potion of brilliance {unknown}
 g - a potion of haste
 h - 2 potions of magic
 i - a potion of berserk rage
 l - a potion of lignification {unknown}


   Skills:
 + Level 9.4 Fighting
 + Level 9.5 Polearms
 + Level 6.3 Armour
 + Level 2.3 Dodging
 + Level 8.6 Shields
 + Level 3.2 Unarmed Combat
 + Level 1.4 Evocations


You had 6 spell levels left.
You didn't know any spells.
Your spell library was empty.

Dungeon Overview and Level Annotations

Branches:
Dungeon (1/1)

Altars:
Cheibriados
Dithmenos
Elyvilon
Fedhas
Gozag
Hepliaklqana
Kikubaaqudgha
Makhleb
Nemelex Xobeh
Okawaru
Qazlal
Ru
Sif Muna
Trog
Uskayaw
Vehumet
Wu Jian
Xom
Yredelemnul
Zin
The Shining One
Jiyva
Lugonu

Shops:
D [

Annotations:
D Sonja


Innate Abilities, Weirdness & Mutations

((You are quick and stealthy near water. (Stealth+, EV+, Speed+++)))
Your lower body shifts to a powerful aquatic tail in water.


Message History

Reach: a) +0 trident
Press: ? - help, Dir - move target, f - centaur warrior
Aim: a centaur warrior, wielding a +0 shortbow and quivering arrows (purple smoke, lightly wounded, about 28% to evade your +0 trident)
You reach to attack!
You puncture the centaur warrior!
The centaur warrior is moderately wounded.
The centaur warrior shoots an arrow.
The arrow hits you!
The centaur warrior shoots an arrow.
The arrow hits you!
* * * LOW HITPOINT WARNING * * *
The centaur warrior unwields a +0 shortbow.
You block the centaur warrior's attack.
The centaur warrior kicks you but does no damage.
You see here a +0 scythe.
There is an ornate altar of the Wu Jian Council here.
The centaur warrior hits you.
* * * LOW HITPOINT WARNING * * *
You block the centaur warrior's attack. The centaur warrior hits you.
* * * LOW HITPOINT WARNING * * *
The centaur warrior kicks you.
* * * LOW HITPOINT WARNING * * *
There is a radiant altar of Vehumet, spattered with blood here.
You open the door.
Sonja, the Graceful Assassin comes into view.
She is wielding a +1 dagger of distortion, quivering curare-tipped darts and carrying a wand of polymorph (13).
Sonja shouts!
The centaur warrior hits you.
* * * LOW HITPOINT WARNING * * *
The centaur warrior kicks you but does no damage.
Sonja gestures wildly while chanting.
Sonja blinks!
You block the centaur warrior's attack. The centaur warrior kicks you.
* * * LOW HITPOINT WARNING * * *
Found 54 gold pieces.
What are your orders? t - Shout!
Orders for allies: a - Attack new target. p - Attack previous target. r - Retreat! s - Stop attacking. g - Guard the area. f - Follow me.
Anything else - Cancel.
You shout for attention!
You block the centaur warrior's attack. x2; The centaur warrior hits you!
You die...

###################
#<.#..).)#..'..#__#
#..)..#..'..#..+..+
#..#####'#####'#__# ##
#..####..#...#.####§§#
#..#__####..##)#≈§§§§#
#..#_____##'#_.'≈§§§§+
#⌠⌠#_.∩...'†cK_#≈≈§§§#
####_..__##@c#'##+####
#_____###'#.# #######
.### .$ §$# .## +#


You could see 2 centaur warriors and Sonja.

Vanquished Creatures
  A slime creature (D)
  Sigmund (D)
  A yak (D)
  An ogre (D)
  A jelly (D)
  Ijyb (D)
6 creatures vanquished.

Notes
Turn   | Place    | Note
-------+----------+-------------------------------------------
     0 | D        | JuniperTheExplorer the Merfolk Fighter began the quest for
                  | the Orb.
     0 | D        | Reached XP level 1. HP: 18/18 MP: 1/1
     3 | D        | Noticed Ijyb
     8 | D        | Killed Ijyb
     9 | D        | Reached XP level 2. HP: 22/26 MP: 2/2
     9 | D        | Reached XP level 3. HP: 27/32 MP: 3/3
    13 | D        | Noticed an ogre
    16 | D        | Killed an ogre
    17 | D        | Reached skill level 5 in Polearms
    17 | D        | Reached skill level 5 in Shields
    17 | D        | Reached XP level 4. HP: 36/41 MP: 4/4
    20 | D        | Noticed Sigmund
    36 | D        | Killed Sigmund
    37 | D        | Reached skill level 5 in Armour
    37 | D        | Reached skill level 1 in Dodging
    37 | D        | Reached skill level 1 in Unarmed Combat
    37 | D        | Reached XP level 5. HP: 46/49 MP: 5/5
    37 | D        | Reached XP level 6. HP: 53/56 MP: 6/6
    48 | D        | Found a burning altar of Makhleb.
    48 | D        | Found a viscous altar of Jiyva.
    48 | D        | Found a shimmering altar of Xom.
    48 | D        | Found a corrupted altar of Lugonu.
    48 | D        | Noticed a slime creature
    58 | D        | Killed a slime creature
    59 | D        | Reached skill level 1 in Evocations
    59 | D        | Reached XP level 7. HP: 14/64 MP: 7/7
   334 | D        | Found an ornate altar of the Wu Jian Council.
   334 | D        | Found a shimmering blue altar of Sif Muna.
   336 | D        | Found a radiant altar of Vehumet.
   371 | D        | Found Tiufuroe's Armour Emporium.
   371 | D        | Found an ancient bone altar of Kikubaaqudgha.
   371 | D        | Found a hazy altar of Hepliaklqana.
   371 | D        | Found a stormy altar of Qazlal.
   371 | D        | Found a hide-covered altar of Uskayaw.
   371 | D        | Found a blossoming altar of Fedhas.
   371 | D        | Found a bloodstained altar of Trog.
   371 | D        | Found an iron altar of Okawaru.
   371 | D        | Found a basalt altar of Yredelemnul.
   371 | D        | Found a glowing golden altar of the Shining One.
   371 | D        | Found a snail-covered altar of Cheibriados.
   371 | D        | Found a sacrificial altar of Ru.
   371 | D        | Found a glowing silver altar of Zin.
   371 | D        | Found a shadowy altar of Dithmenos.
   371 | D        | Found a white marble altar of Elyvilon.
   371 | D        | Noticed a yak
   386 | D        | Killed a yak
   473 | D        | Found an opulent altar of Gozag.
   474 | D        | Found a sparkling altar of Nemelex Xobeh.
   479 | D        | Bought a +1 kite shield of positive energy for 148 gold
                  | pieces
   502 | D        | Noticed a centaur warrior
   502 | D        | Noticed a centaur warrior
   519 | D        | Noticed Sonja
   520 | D        | Slain by a centaur warrior

Illustrated notes

Levels and vault maps discovered:
D:        dungeon_sprint_1 [red_sonja_temple_1, red_sonja_temple_small_1]

Skill      XL: |  1  2  3  4  5  6  7 |
---------------+----------------------+-----
Fighting       | 4 6 8 9 |  9.4
Armour         | 3 4 5 6 |  6.3
Shields        | 4 5 7 8 |  8.6
Polearms       | 5 7 8 9 |  9.5
Dodging        | 1 2 |  2.3
Unarmed Combat | 1 2 3 |  3.2
Evocations     | 1 |  1.4

Action                   |  1- 3 |  4- 6 |  7- 9 || total
-------------------------+-------+-------+-------++-------
Melee: Trident           |     8 |     4 |    23 ||    35
       Unarmed           |       |    10 |       ||    10
Evoke: Wand              |       |     3 |     2 ||     5
  Use: Potion            |     1 |     1 |     1 ||     3
       Scroll            |       |       |     1 ||     1
Armor: Scale mail        |       |     2 |    11 ||    13
Dodge: Dodged            |     2 |     6 |    14 ||    22
Block: Kite shield       |     2 |     1 |    20 ||    23
